 Dungeon Crawl Stone Soup version 0.17-a0-1910-g4c791fa (webtiles) character file.

15013 kosy22 the Protected (level 11, -8/101 HPs)
             Began as a Minotaur Berserker on Sept 20, 2015.
             Was a High Priest of Trog.
             Mangled by an enormous slime creature (14 damage)
             ... on level 11 of the Dungeon on Sept 25, 2015.
             The game lasted 00:52:41 (15475 turns).

kosy22 the Protected (Minotaur Berserker)          Turns: 15475, Time: 00:52:42

Health: -8/101     AC: 18    Str: 26    XL:     11   Next: 96%
Magic:  10/10      EV:  9    Int:  3    God:    Trog [*****.]
Gold:   400        SH:  2    Dex: 14    Spells: 0 memorised, 10 levels left

rFire  . . .     SeeInvis .     D - +2 flail (crush)
rCold  . . .     Clarity  .     Q - +0 plate armour
rNeg   . . .     SustAt   .     (no shield)
rPois  .         Gourm    .     (helmet restricted)
rElec  .         Spirit   .     r - +0 cloak
rCorr  .         Warding  .     (no gloves)
rMut   .         Stasis   .     M - +0 pair of boots
MR     .....                    (no amulet)
Stlth  ..........               E - +2 ring of dexterity
                                s - ring of stealth

@: very heavily drained, not resistant to hostile enchantments, extremely
unstealthy
A: retaliatory headbutt, horns 2, large bone plates 1, agile 1, breathe flames 1
a: Burn Spellbooks, Berserk, Trog's Hand, Brothers in Arms, Renounce Religion,
Breathe Fire


You were on level 11 of the Dungeon.
You worshipped Trog.
Trog was extremely pleased with you.
You were very full.

You visited 2 branches of the dungeon, and saw 11 of its levels.

You collected 467 gold pieces.
You spent 67 gold pieces at shops.

Inventory:

Hand weapons
 h - a +0 battleaxe
 w - a +0 halberd
 A - a +0 blowgun
 D - a +2 flail of crushing (weapon)
 I - a +0 spear of distortion
Missiles
 d - 507 stones (quivered)
 q - 61 poisoned needles
 H - 7 tomahawks of returning
Armour
 e - a +0 chain mail
 j - a +0 ring mail
 r - a +0 cloak (worn)
 K - a +0 shield
 M - a +0 pair of boots (worn)
 O - a +1 chain mail of cold resistance
 Q - a +0 plate armour (worn)
 S - a +2 ring mail of cold resistance
Magical staves
 P - an uncursed staff of cold
Rods
 Y - a +0 rod of clouds (12/12)
   (You found it on level 10 of the Dungeon)
Jewellery
 g - an uncursed ring of wizardry
 k - an uncursed amulet of stasis
 s - a ring of stealth (left hand)
 E - a +2 ring of dexterity (right hand)
 J - an uncursed ring of magical power
 L - a +3 ring of strength {unknown}
Magical devices
 f - a wand of slowing (23)
 p - a wand of digging (20)
 u - a wand of fireball (10)
 B - a wand of paralysis (10)
Scrolls
 G - a scroll of identify
 T - 3 scrolls of remove curse
Potions
 C - a potion of brilliance
Books
 n - a book of Changes

   Spells                             Type                      Level
   a - Beastly Appendage              Transmutation                1
   b - Sticks to Snakes               Transmutation                2
   c - Spider Form                    Transmutation/Poison         3
   d - Ice Form                       Ice/Transmutation            4
   e - Blade Hands                    Transmutation                5
   Trog disapproves of the use of such an item.
 X - a book of the Earth

   Spells                             Type                      Level
   a - Leda's Liquefaction            Hexes/Earth                  4
   b - Bolt of Magma                  Conjuration/Fire/Earth       5
   c - Statue Form                    Transmutation/Earth          6
   d - Iron Shot                      Conjuration/Earth            6
   e - Shatter                        Earth                        9
   Trog disapproves of the use of such an item.
Miscellaneous
 x - a plain deck of wonders {drawn: 2}
Comestibles
 b - a fruit
 F - a meat ration
 V - a bread ration


   Skills:
 + Level 10.9(5.4) Fighting
   Level 2.4(0.0) Short Blades
 + Level 6.6(3.8) Axes
 + Level 8.8(4.4) Maces & Flails
 + Level 3.2(0.6) Polearms
 + Level 0.4(0.0) Throwing
 + Level 14.2(8.3) Armour
 + Level 8.6(3.4) Dodging
 + Level 2.3(0.0) Stealth
 + Level 1.7(0.0) Shields
 + Level 0.1(0.0) Evocations


You had 10 spell levels left.
You didn't know any spells.

Dungeon Overview and Level Annotations

Branches:
Dungeon (11/15)            Temple (0/1) D:6            Lair (0/8) D:10
    Orc (1/4) D:9

Altars:
Cheibriados
Dithmenos
Fedhas
Gozag
Kikubaaqudgha
Okawaru
Qazlal
Ru
Sif Muna
Trog
Vehumet
Xom
Yredelemnul
The Shining One
Beogh

Shops:
D:6 [   D:11 *


Innate Abilities, Weirdness & Mutations

You reflexively headbutt those who attack you in melee.
You have a pair of horns on your head.
You are partially covered in large bone plates (AC +2, SH +2).
You are agile. (Dex +2)
You can breathe flames.


Message History

You furiously retaliate!
You headbutt the very large slime creature!
Two slime creatures merge to form an enormous slime creature.
The hippogriff screeches!
Something hits you but does no damage. Something hits you but does no damage.
You miss something. Your headbutt misses something.
Something hits you but does no damage. Something hits you but does no damage.
Something hits you!
* * * LOW HITPOINT WARNING * * *
Drink which item? (? for menu, Esc to quit)
Your magical effects are unravelling.
You feel magically purged.
You feel a little less mighty now.
You feel a little less clever now. Something hits you but does no damage.
The hippogriff bites you but does no damage.
The hippogriff barely misses you.
The hippogriff claws you but does no damage.
The enormous slime creature hits you!
You die...

...# ######.............#+# ...#
#.............$.. ...#
#...............( ...####
#..........###### ......#
#..........#..... ......#
#......###'#..... ......#
#......#.......>.
......###########H.....#.........
#..............J@.$....'.........
+.#########..........###..#####..
#.# #..........#....# . #.#
#..........#....# #.#
#..........#....# ..#
#..........#....#
..#########.#######..#....#
............# #..#....#
#........# ..#


You could see an enormous slime creature and a hippogriff.

Vanquished Creatures
  A hydra (D:10)
  The ghost of Aarh the Skirmisher, an experienced GrMo of Okawaru (D:10)
  Sonja (D:11)
  Pikel (D:4)
  A wolf spider zombie (D:10)
  The ghost of PeterLawrence the Basher, an experienced MiFi (D:7)
  An ugly thing (D:11)
  An orc sorcerer (Orc:1)
  2 centaur skeletons
  A komodo dragon (D:10)
  A gargoyle (D:9)
  A merfolk (D:10)
  The ghost of Goblin1989 the Ruffian, an experienced VSMo of Cheibriados (D:5)
  3 trolls
  Prince Ribbit (D:5)
  A two-headed ogre (D:10)
  A wyvern (D:10)
  2 shadows (D:11)
  6 yaks (D:10)
  A hippogriff (D:11)
  A warg (Orc:1)
  A hungry ghost (D:10)
  2 wolves (D:10)
  Edmund (D:5)
  A soldier ant (D:10)
  Duvessa (D:4)
  3 ice beasts
  2 water moccasins
  A slave (D:4)
  3 orc warriors
  2 phantoms
  A necrophage (D:9)
  3 ogres (Orc:1)
  A wasp (D:10)
  7 centaurs
  3 big kobolds
  10 giant frogs
  Dowan (D:4)
  3 scorpions
  A wyvern skeleton (D:9)
  15 killer bees
  9 wights
  3 electric eels (D:10)
  7 hounds
  A quasit (D:6)
  2 crimson imps
  A giant frog skeleton (D:10)
  A jelly (D:9)
  3 orc priests
  An iguana (D:10)
  Natasha (thrice) (D:2)
  9 orc wizards
  8 worker ants
  A hound zombie (D:9)
  2 worker ant zombies (D:5)
  Robin (D:4)
  8 gnolls
  18 adders
  3 worms
  3 adder skeletons
  A giant gecko (D:2)
  25 orcs
  3 ball pythons
  16 bats
  16 goblins
  19 hobgoblins
  23 jackals
  6 quokkas
  4 giant cockroaches
  A giant gecko zombie (D:6)
  5 giant newts
  2 gnoll zombies (D:4)
  21 kobolds
  A quokka skeleton (D:6)
  3 rats
  2 butterflies (D:3)
324 creatures vanquished.

Vanquished Creatures (collateral kills)
  The ghost of Ijustatesigmund the Slinger, a powerful HaEn of Dithmenos (Orc:1)
  An orc knight (Orc:1)
  A warg (Orc:1)
  An orc warrior (Orc:1)
  An electric eel (D:10)
  A hound (D:10)
  An orc priest (Orc:1)
  2 orc wizards (Orc:1)
  2 orcs (Orc:1)
11 creatures vanquished.

Vanquished Creatures (others)
  A centaur zombie (D:10)
  An orc wizard (D:7)
2 creatures vanquished.

Grand Total: 337 creatures vanquished

Notes
Turn   | Place    | Note
--------------------------------------------------------------
     0 | D:1      | kosy22 the Minotaur Berserker began the quest for the Orb.
     0 | D:1      | Reached XP level 1. HP: 19/19 MP: 0/0
   551 | D:1      | Reached XP level 2. HP: 22/27 MP: 1/1
   552 | D:1      | Upgraded the game from 0.17-a0-1863-g715b4b0 to 0.17-a0-1900-g45e8110
   693 | D:1      | Reached skill level 4 in Fighting
  1124 | D:1      | Reached XP level 3. HP: 33/33 MP: 2/2
  1204 | D:1      | Acquired Trog's second power
  1461 | D:1      | HP: 1/33 [poisoned by an adder]
  1995 | D:2      | Found a sacrificial altar of Ru.
  2010 | D:2      | Reached XP level 4. HP: 36/41 MP: 3/3
  2226 | D:2      | Noticed Natasha
  2236 | D:2      | Killed Natasha
  2466 | D:2      | Noticed Natasha
  2473 | D:2      | Killed Natasha
  2690 | D:2      | Reached XP level 5. HP: 44/47 MP: 4/4
  2915 | D:2      | Noticed Natasha
  2920 | D:2      | Killed Natasha
  3066 | D:2      | Found an iron altar of Okawaru.
  3250 | D:2      | You fall through a shaft!
  3351 | D:3      | Found a glowing golden altar of the Shining One.
  3400 | D:3      | Found an opulent altar of Gozag.
  3678 | D:3      | Upgraded the game from 0.17-a0-1900-g45e8110 to 0.17-a0-1910-g4c791fa
  3748 | D:3      | Found a shimmering altar of Xom.
  3863 | D:3      | Found a stormy altar of Qazlal.
  4169 | D:4      | Reached skill level 5 in Axes
  4420 | D:4      | Noticed Dowan
  4421 | D:4      | Noticed Duvessa
  4431 | D:4      | Killed Duvessa
  4431 | D:4      | Reached skill level 5 in Fighting
  4431 | D:4      | Reached XP level 6. HP: 56/56 MP: 5/5
  4438 | D:4      | Reached skill level 1 in Stealth
  4444 | D:4      | Killed Dowan
  4555 | D:4      | Noticed Pikel
  4555 | D:4      | Noticed a slave
  4555 | D:4      | Noticed a slave
  4555 | D:4      | Noticed a slave
  4556 | D:4      | Noticed a slave
  4559 | D:4      | Killed a slave
  4566 | D:4      | Killed Pikel
  4566 | D:4      | Reached skill level 6 in Axes
  4566 | D:4      | Reached skill level 1 in Polearms
  4566 | D:4      | Reached XP level 7. HP: 62/62 MP: 6/6
  4766 | D:4      | Drew Focus: Str increased to 25, Int decreased to 3
  4911 | D:4      | Noticed Robin
  4932 | D:4      | Killed Robin
  5155 | D:4      | Found a basalt altar of Yredelemnul.
  5254 | D:4      | Noticed a phantom
  5304 | D:4      | Killed a phantom
  5304 | D:4      | Reached skill level 5 in Dodging
  5304 | D:4      | Reached XP level 8. HP: 70/70 MP: 7/7
  5373 | D:5      | Entered Level 5 of the Dungeon
  5404 | D:5      | Noticed Prince Ribbit
  5424 | D:5      | Killed Prince Ribbit
  5424 | D:5      | Reached skill level 7 in Armour
  5537 | D:5      | Gained mutation: You are partially covered in rough black scales (AC +4, Dex -1). [potion of mutation]
  5537 | D:5      | Gained mutation: Your mind is acute. (Int +2) [potion of mutation]
  5776 | D:5      | Acquired Trog's third power
  5776 | D:5      | Reached skill level 8 in Armour
  5784 | D:5      | Found a deep blue altar of Sif Muna.
  5786 | D:5      | Found a shadowy altar of Dithmenos.
  5803 | D:5      | Noticed Edmund
  5810 | D:5      | Killed Edmund
  5810 | D:5      | Reached skill level 1 in Short Blades
  6063 | D:5      | Found a stormy altar of Qazlal.
  6351 | D:5      | Noticed Goblin1989's ghost (experienced VSMo)
  6363 | D:5      | Killed Goblin1989's ghost
  6728 | D:6      | Reached XP level 9. HP: 74/79 MP: 8/8
  6779 | D:6      | Found a bloodstained altar of Trog.
  6927 | D:6      | Reached skill level 9 in Armour
  6993 | D:6      | Found an ancient bone altar of Kikubaaqudgha.
  7001 | D:6      | Found a blossoming altar of Fedhas.
  7094 | D:6      | Found a sand-covered staircase.
  7136 | D:6      | Found a shimmering altar of Xom.
  7218 | D:6      | Found Merechim's Armour Emporium.
  7269 | D:6      | Found a staircase to the Ecumenical Temple.
  7411 | D:6      | Reached skill level 1 in Maces & Flails
  7503 | D:6      | Found a radiant altar of Vehumet.
  7535 | D:6      | Found a snail-covered altar of Cheibriados.
  7692 | D:6      | Bought a +0 pair of boots for 67 gold pieces
  7963 | D:7      | Noticed PeterLawrence's ghost (experienced MiFi)
  7974 | D:7      | Killed PeterLawrence's ghost
  7974 | D:7      | Reached skill level 10 in Armour
  9104 | D:7      | You fall through a shaft for 2 floors!
  9312 | D:9      | Reached XP level 10. HP: 67/88 MP: 9/9
  9582 | D:9      | Found a staircase to the Orcish Mines.
  9590 | Orc:1    | Entered Level 1 of the Orcish Mines
  9617 | Orc:1    | Noticed Ijustatesigmund's ghost (powerful HaEn)
  9618 | Orc:1    | Found a roughly hewn altar of Beogh.
  9670 | Orc:1    | Reached skill level 11 in Armour
  9722 | Orc:1    | Killed Ijustatesigmund's ghost
  9722 | Orc:1    | Reached skill level 5 in Maces & Flails
 10092 | Orc:1    | Noticed an orc sorcerer
 10104 | Orc:1    | Noticed a soul eater
 10104 | Orc:1    | Killed an orc sorcerer
 10106 | Orc:1    | Noticed an orc knight
 10125 | Orc:1    | Killed an orc knight
 11528 | D:9      | Reached skill level 12 in Armour
 11539 | D:10     | Entered Level 10 of the Dungeon
 11539 | D:10     | Noticed Aarh's ghost (experienced GrMo)
 11557 | D:10     | Killed Aarh's ghost
 11677 | D:10     | Reached XP level 11. HP: 45/97 MP: 10/10
 11699 | D:10     | Found a staircase to the Lair.
 12327 | D:10     | Reached skill level 10 in Fighting
 12327 | D:10     | Reached skill level 13 in Armour
 12478 | D:10     | Gained mutation: You tend to lose your temper in combat. [potion of mutation]
 12478 | D:10     | Gained mutation: You can breathe flames. [potion of mutation]
 12478 | D:10     | Gained mutation: You are partially covered in large bone plates (AC +2, SH +2). [potion of mutation]
 13314 | D:10     | Noticed a four-headed hydra
 13327 | D:10     | Killed a four-headed hydra
 14260 | D:10     | Gained mutation: You occasionally shout uncontrollably at your foes. [potion of mutation]
 14260 | D:10     | Gained mutation: Your muscles are strong. (Str +2) [potion of mutation]
 14260 | D:10     | Gained mutation: You are partially covered in slimy green scales (AC +2). [potion of mutation]
 14764 | D:11     | Reached skill level 1 in Shields
 14987 | D:11     | Reached skill level 14 in Armour
 15164 | D:11     | Found Zuocwul's Serpentskin Sales.
 15198 | D:11     | Noticed Sonja
 15214 | D:11     | Killed Sonja
 15375 | D:11     | Lost mutation: You tend to lose your temper in combat. [potion of cure mutation]
 15375 | D:11     | Lost mutation: Your muscles are strong. (Str +2) [potion of cure mutation]
 15375 | D:11     | Lost mutation: Your mind is acute. (Int +2) [potion of cure mutation]
 15375 | D:11     | Lost mutation: You are partially covered in slimy green scales (AC +2). [potion of cure mutation]
 15375 | D:11     | Lost mutation: You occasionally shout uncontrollably at your foes. [potion of cure mutation]
 15375 | D:11     | Lost mutation: You are partially covered in rough black scales (AC +4, Dex -1). [potion of cure mutation]
 15376 | D:11     | Gained mutation: You are agile. (Dex +2) [potion of beneficial mutation]
 15475 | D:11     | Mangled by an enormous slime creature

Vault maps used:
D:1:      dpeg_arrival_round_a, minivault_23
D:2:      okawaru_ov_weapons_minmay, roderic_serpentine_path,
          nicolae_ru_great_annihilating_truth, uniq_natasha
D:3:      xom_butterflies, nicolae_gozag_seed_capital, tso_metal_star,
          nicolae_qazlal_eye_of_the_storm
D:4:      lemuel_zombie_altar_yredelemnul, amalloy_card_club, uniq_pikel,
          uniq_robin, uniq_duvessa
D:5:      nicolae_overflow_hidden_temple, first_bread, uniq_prince_ribbit1,
          uniq_edmund
D:6:      grunt_temple_overflow_growth_and_decay, kennysheep_little_box,
          cheibriados_altar_1, temple_hall, basic_altar,
          lightli_ossuary_entry_decrepit_ruins, serial_shops,
          nicolae_shop_crystal, trog_hazing_becter
D:9:      orc_0_dummy
D:10:     erik_lair_island, hangedman_fish_farm
D:11:     serial_shops, bzr_entry_gold, guppyfry_shop_venom, uniq_sonja
Orc:1:    basic_altar, serial_shops, nicolae_shop_stone,
          nicolae_orc_pool_cavern, nicolae_orc_sculptors_studio

Action                   |  1- 3 |  4- 6 |  7- 9 | 10-12 || total
-------------------------+-------+-------+-------+-------++-------
Melee: Hand axe          |    66 |   163 |       |       ||   229
       Halberd           |       |    16 |    33 |       ||    49
       Dagger            |       |       |    55 |       ||    55
       Flail             |       |       |   177 |   360 ||   537
       Staff             |       |       |       |    24 ||    24
       Battleaxe         |       |       |       |    16 ||    16
Throw: Stone             |       |     5 |       |       ||     5
Invok: Berserk           |       |     2 |     3 |     6 ||    11
       Brothers in Arms  |       |       |       |     5 ||     5
       Trog's Hand       |       |       |       |     3 ||     3
       Burn Spellbooks   |       |       |       |     2 ||     2
Evoke: Deck              |       |       |     2 |       ||     2
  Use: Scroll            |     3 |     6 |     2 |     7 ||    18
       Potion            |     2 |       |     4 |    20 ||    26
 Stab: Paralysed         |     1 |       |       |       ||     1
  Eat: Bread ration      |     1 |     2 |     4 |     4 ||    11
       Meat ration       |       |       |     1 |     1 ||     2
       Fruit             |       |       |     1 |     1 ||     2
       Chunk             |       |       |       |     7 ||     7
       Pizza             |       |       |       |     1 ||     1
       Beef jerky        |       |       |       |     1 ||     1
